 Dungeon Crawl Stone Soup version 0.25-a0-404-gc1b5a34292 (webtiles) character file.

Game seed: 4856031774139310871, levelgen mode: deterministic

9835 ReteAZ the Brawler (level 11, -9/100 HPs)
             Began as a Troll Fighter on Jan 10, 2020.
             Was a High Priest of Okawaru.
             Mangled by a troll (15 damage)
             ... on level 11 of the Dungeon.
             The game lasted 00:16:53 (8827 turns).

ReteAZ the Brawler (Troll Fighter)                  Turns: 8827, Time: 00:16:53

Health: -9/100     AC:  9    Str: 26    XL:     11   Next: 28%
Magic:  20/20      EV:  9    Int:  4    God:    Okawaru [*****.]
Gold:   557        SH:  9    Dex: 12    Spells: 10/10 levels left

rFire    + . .     SeeInvis .     - Unarmed
rCold    . . .     Gourm    +   b - +0 shield
rNeg     . . .     Faith    .   H - +2 robe {MR+}
rPois    .         Spirit   .   (helmet restricted)
rElec    .         Reflect  .   z - +0 cloak
rCorr    .         Harm     .   (gloves unavailable)
MR       +....                  (boots unavailable)
Stlth    +.........             (no amulet)
HPRegen  0.66/turn              u - ring of protection from fire
MPRegen  0.17/turn              I - ring of magical power

@: about to teleport
A: large, unfitting armour, claws 3, fast metabolism 3, gourmand, regeneration
1, shaggy fur 1, tough skin 3
a: Heroism, Finesse, Renounce Religion


You were on level 11 of the Dungeon.
You worshipped Okawaru.
Okawaru was extremely pleased with you.
You were full.

You visited 2 branches of the dungeon, and saw 12 of its levels.
You also visited: Ossuary.

You collected 557 gold pieces.

Inventory:

Missiles
 p - a throwing net (quivered)
 r - 14 javelins
 L - 5 silver javelins
Armour
 a - a +0 robe
 b - a +0 shield (worn)
 z - a +0 cloak (worn)
 H - a +2 robe of magic resistance (worn)
Jewellery
 e - an uncursed ring of positive energy
 u - a ring of protection from fire (left claw)
 x - a +5 ring of intelligence
 I - a ring of magical power (right claw)
Wands
 h - a wand of clouds (3)
 i - a wand of paralysis (10)
 o - a wand of digging (3)
 q - a wand of flame (30)
 s - a wand of polymorph (8)
Scrolls
 g - 9 scrolls of identify
 l - 6 scrolls of teleportation
 m - a scroll of noise
 n - 2 scrolls of enchant weapon
 t - 2 scrolls of fear
 v - 5 scrolls of amnesia
 y - 2 scrolls of remove curse
 C - 4 scrolls of enchant armour {unknown}
 D - a scroll of fog {unknown}
 J - 2 scrolls of blinking {unknown}
 K - a scroll of random uselessness {unknown}
Potions
 c - a potion of might
 f - 6 potions of curing
 j - a potion of magic
 k - 2 potions of degeneration
 w - 4 potions of ambrosia
 A - a potion of haste
 B - 3 potions of brilliance
 E - a potion of agility {unknown}
 F - 3 potions of flight {unknown}
 G - 2 potions of heal wounds {unknown}
Comestibles
 d - 23 rations


   Skills:
 + Level 4.1 Fighting
 + Level 2.0 Throwing
 + Level 2.0 Armour
 + Level 3.9 Dodging
 + Level 3.8 Shields
 - Level 15.1 Unarmed Combat
 + Level 1.9 Evocations


You had 10 spell levels left.
You didn't know any spells.
Your spell library contained the following spells:

 Spells                   Type           Power        Failure   Level  Hunger
 Magic Dart               Conj           #...         86%         1    ##.....
 Blink                    Tloc           N/A          95%         2    ###....
 Call Imp                 Summ           #.......     95%         2    ###....
 Slow                     Hex            #.......     95%         2    ###....
 Conjure Flame            Conj/Fire      #.......     99%         3    ####...
 Mephitic Cloud           Conj/Pois/Air  #.......     99%         3    ####...


Dungeon Overview and Level Annotations

Branches:
Dungeon (11/15)            Temple (1/1) D:6             Orc (0/2) D:9
Ossuary (visited)
   Lair: D:8-11

Altars:
Ashenzari
Cheibriados
Dithmenos
Elyvilon
Fedhas
Gozag
Hepliaklqana
Kikubaaqudgha
Makhleb
Nemelex Xobeh
Okawaru
Qazlal
Ru
Sif Muna
Trog
Uskayaw
Vehumet
Wu Jian
Xom
Yredelemnul
Zin
The Shining One

Shops:
D:6 *


Innate Abilities, Weirdness & Mutations

You are too large for most types of armour.
You have claws for hands.
Your metabolism is lightning-fast.
You like to eat raw meat.
Your natural rate of healing is unusually fast.
You are covered in fur. (AC +1)
You have extremely tough skin. (AC +3)


Message History

The troll is lightly wounded.
You feel yourself speed up.
You hear an angry buzzing noise.
The troll bites you!!
* * * LOW HITPOINT WARNING * * *
The troll closely misses you. The troll claws you!
* * * LOW HITPOINT WARNING * * *
The troll bites you but does no damage. You block the troll's attack.
The troll claws you but does no damage.
You hear an angry buzzing noise. x3
Evoke which item? (* to show all) (? for menu, Esc to quit)
Okay, then.
Okay, then.
Okay, then.
Okay, then.
You hear an angry buzzing noise. x2
As you read the scroll of teleportation, it crumbles to dust.
You feel strangely unstable. The troll bites you!
You die...

. >. #.###.# #.###
#...... ..... #####
#...... ..... .....
#.#.#.# #.... #.....
.#.#.#.#.#.#
......#...§.≈..÷#..#
.......#.≈§≈§≈≈..#.#
##@≈§§≈≈≈≈.#..# ≈≈≈....
#T#.§≈88≈≈§.### ≈≈.≈≈..
##..≈§88≈≈§#.######
≈≈≈....
#.#.≈≈≈§§≈§.#......
≈≈.≈≈≈.
##..§≈≈≈§§§#.######
≈≈≈≈... #.#$..≈.≈...##
≈≈≈..≈.####†#.#)#.#.#.#
≈≈≈≈....hh†#.#.#.#.#.##
≈≈≈≈..†..Ty.#.##..######


You could see a troll.

Vanquished Creatures
  A two-headed ogre (D:9)
  Erica (D:8)
  4 molten gargoyles (D:11)
  2 hornets (D:11)
  6 yaks
  A hungry ghost (D:9)
  A water moccasin (D:5)
  Menkaure (D:4)
  An acid dragon (D:11)
  8 orc warriors
  2 sky beasts
  2 ice beasts
  A phantom (D:4)
  3 wolves (D:11)
  3 ogres
  6 centaurs
  A big kobold (D:10)
  4 bullfrogs
  4 gnoll sergeants (D:7)
  2 water moccasin zombies (Ossuary)
  3 scorpions
  5 killer bees (D:7)
  2 lava snakes (D:11)
  2 bullfrog zombies
  5 crimson imps
  6 jellies
  14 orc wizards
  3 gnoll shamans
  6 orc priests
  3 bullfrog skeletons
  11 hounds
  2 iguanas
  7 worker ants
  2 killer bee zombies
  2 big kobold zombies (Ossuary)
  2 hound zombies
  3 hound skeletons
  2 mummies (Ossuary)
  A worker ant zombie (D:8)
  19 gnolls
  13 adders
  A shadow imp (D:5)
  An ooze (D:4)
  2 adder skeletons
  8 adder zombies
  A worm (D:4)
  2 dart slugs (D:1)
  6 leopard geckos
  49 orcs
  6 bats
  3 giant cockroaches
  3 goblins (D:1)
  3 hobgoblins
  5 jackals (D:7)
  3 quokkas
  3 ball pythons
  5 frilled lizards
  A giant cockroach zombie (D:2)
  2 gnoll zombies (Ossuary)
  6 hobgoblin zombies (Ossuary)
  9 kobolds
  7 kobold zombies (Ossuary)
  A leopard gecko skeleton (D:4)
  4 orc zombies (Ossuary)
  A quokka skeleton (D:4)
  A quokka zombie (D:10)
  7 rats
307 creatures vanquished.

Notes
Turn   | Place    | Note
-------+----------+-------------------------------------------
     0 | D:1      | ReteAZ the Troll Fighter began the quest for the Orb.
     0 | D:1      | Reached XP level 1. HP: 22/22 MP: 0/0
   190 | D:1      | Reached XP level 2. HP: 29/29 MP: 1/1
  1221 | D:2      | Reached XP level 3. HP: 36/36 MP: 2/2
  1797 | D:3      | Reached skill level 3 in Unarmed Combat
  1884 | D:3      | Reached XP level 4. HP: 44/44 MP: 3/3
  1894 | D:3      | Found a white marble altar of Elyvilon.
  2209 | D:3      | Found a faded altar of an unknown god.
  2520 | D:4      | Found a snail-covered altar of Cheibriados.
  2539 | D:4      | Noticed Menkaure
  2548 | D:4      | Killed Menkaure
  2548 | D:4      | Reached skill level 4 in Unarmed Combat
  2548 | D:4      | Reached XP level 5. HP: 22/53 MP: 4/4
  2647 | D:4      | Noticed a phantom
  2667 | D:4      | Reached XP level 6. HP: 32/61 MP: 5/5
  2681 | D:4      | Reached skill level 5 in Unarmed Combat
  2727 | D:4      | Reached skill level 6 in Unarmed Combat
  2872 | D:4      | Reached XP level 7. HP: 63/67 MP: 6/6
  2970 | D:3      | Reached skill level 7 in Unarmed Combat
  3217 | D:4      | Found an opulent altar of Gozag.
  3391 | D:5      | Entered Level 5 of the Dungeon
  3432 | D:5      | Reached skill level 8 in Unarmed Combat
  3626 | D:5      | Reached XP level 8. HP: 63/75 MP: 7/7
  3709 | D:5      | Found a sand-covered staircase.
  3719 | Ossuary  | Entered an ossuary
  3825 | Ossuary  | Reached skill level 9 in Unarmed Combat
  4143 | D:6      | Reached skill level 10 in Unarmed Combat
  4166 | D:6      | Found a staircase to the Ecumenical Temple.
  4226 | Temple   | Entered the Ecumenical Temple
  4351 | Temple   | Became a worshipper of Warmaster Okawaru
  4397 | D:6      | Found Zin's Purification Station.
  4423 | D:6      | Found a glowing silver altar of Zin.
  4736 | D:7      | Reached skill level 11 in Unarmed Combat
  4736 | D:7      | Reached XP level 9. HP: 83/83 MP: 8/8
  4805 | D:7      | Reached * piety under Okawaru
  5073 | D:7      | Reached skill level 12 in Unarmed Combat
  5397 | D:7      | Reached ** piety under Okawaru
  5562 | D:7      | Reached skill level 13 in Unarmed Combat
  5685 | D:7      | Found a burning altar of Makhleb.
  5686 | D:7      | Found a radiant altar of Vehumet.
  5971 | D:8      | Reached XP level 10. HP: 23/91 MP: 9/9
  6098 | D:8      | Noticed Erica
  6110 | D:8      | Killed Erica
  6110 | D:8      | Reached *** piety under Okawaru
  6261 | D:8      | You fall into a shaft and drop 2 floors!
  6261 | D:10     | Entered Level 10 of the Dungeon
  6659 | D:8      | Reached skill level 14 in Unarmed Combat
  6754 | D:9      | Noticed a two-headed ogre
  6767 | D:9      | Killed a two-headed ogre
  6767 | D:9      | Reached **** piety under Okawaru
  7010 | D:9      | Reached skill level 15 in Unarmed Combat
  7219 | D:9      | Received a gift from Okawaru
  7298 | D:9      | Found a staircase to the Orcish Mines.
  7620 | D:10     | Reached skill level 1 in Armour
  7967 | D:10     | Reached skill level 1 in Evocations
  8230 | D:10     | Found a blossoming altar of Fedhas.
  8246 | D:10     | Reached skill level 1 in Throwing
  8459 | D:11     | Noticed a molten gargoyle
  8463 | D:11     | Noticed a molten gargoyle
  8463 | D:11     | Noticed a molten gargoyle
  8467 | D:11     | Killed a molten gargoyle
  8467 | D:11     | Reached XP level 11. HP: 53/98 MP: 10/10
  8480 | D:11     | Reached ***** piety under Okawaru
  8638 | D:11     | Received a gift from Okawaru
  8821 | D:11     | HP: 2/100 [troll (8)]
  8827 | D:11     | Mangled by a troll

Levels and vault maps discovered:
D:1:      sevenhm_arrival_forest_fort_small_3, layout_basic
D:2:      layout_loops_corners
D:3:      layout_basic, elyvilon_altar_3, chequers_ecumenical_altar_grove,
          first_ration
D:4:      layout_rooms, nicolae_gozag_cash_rules_everything_around_me,
          cheibriados_altar_1, kennysheep_generic_room_3, uniq_menkaure
D:5:      layout_rooms, chequers_ossuary_entry_cave
D:6:      layout_rooms, zin_purify, minmay_temple_entry_wispy
D:7:      layout_cave_pools, grunt_temple_overflow_lords_of_destruction,
          serial_gnoll_camp, gnoll_camp_mini_sergeant, gnoll_camp_mini_basic,
          gnoll_camp_huts_basic, gnoll_camp_mini_hut, gnoll_camp_mini_hut,
          gnoll_camp_mini_doghouse
D:8:      layout_basic, uniq_erica
D:9:      layout_rooms, david_orc_2
D:10:     layout_layer_cave, fedhas_bush_and_centaur_altar
D:11:     layout_basic, erik_lair_island, the_bakery, minmay_misc_feat_room,
          minivault_8, uniq_erolcha
Temple:   nicolae_temple_elliptical

Skill      XL: |  1  2  3  4  5  6  7  8  9 10 11 |
---------------+----------------------------------+-----
Unarmed Combat | 3 4 6 8 11 13 15 | 15.1
Dodging        | 3 |  3.9
Shields        | 3 |  3.8
Fighting       | 3 4 |  4.1
Armour         | 1 2 |  2.0
Evocations     | 1 |  1.9
Throwing       | 1 2 |  2.0

Action                   |  1- 3 |  4- 6 |  7- 9 | 10-12 || total
-------------------------+-------+-------+-------+-------++-------
Melee: Unarmed           |   111 |   131 |   440 |   254 ||   936
Throw: Throwing net      |       |     1 |     2 |     1 ||     4
  Use: Potion            |       |     1 |     1 |     2 ||     4
       Scroll            |       |       |    12 |     2 ||    14
 Stab: Sleeping          |     2 |     1 |       |       ||     3
       Held in net/web   |       |       |     1 |       ||     1
  Eat: Chunk             |    19 |    11 |    28 |    26 ||    84
Armor: Robe              |    38 |    20 |   104 |    77 ||   239
       Skin              |       |       |     5 |       ||     5
Dodge: Dodged            |    24 |    32 |   128 |    68 ||   252
Block: Shield            |    47 |    41 |   178 |    91 ||   357

Table legend:
 A = Non-vault XP
 B = Vault XP
 C = Vault XP percentage of total XP
 D = Non-vault monster count
 E = Vault monster count
 F = Vault count percentage of total count
                 A         B        C        D         E       F
            +---------+---------+-------+---------+---------+-------
      Total |    9266 |    4784 |  34.0 |     225 |      82 |  26.7
            +---------+---------+-------+---------+---------+-------
        D:1 |      36 |       0 |   0.0 |      20 |       0 |   0.0
        D:2 |      32 |       0 |   0.0 |      13 |       0 |   0.0
        D:3 |     205 |       0 |   0.0 |      21 |       0 |   0.0
        D:4 |     595 |     159 |  21.1 |      31 |       2 |   6.1
        D:5 |     627 |       0 |   0.0 |      21 |       0 |   0.0
        D:6 |     515 |       0 |   0.0 |      10 |       0 |   0.0
        D:7 |    1719 |     867 |  33.5 |      41 |      31 |  43.1
        D:8 |    1332 |     892 |  40.1 |      18 |       1 |   5.3
        D:9 |    2561 |     271 |   9.6 |      24 |       5 |  17.2
       D:10 |     654 |     100 |  13.3 |      15 |       1 |   6.2
       D:11 |     990 |    2193 |  68.9 |      11 |      10 |  47.6
    Ossuary |       0 |     302 | 100.0 |       0 |      32 | 100.0
            +---------+---------+-------+---------+---------+-------
